[Event "ICC tourney 2357 (30 5)"]
[Site "Internet Chess Club"]
[Date "2021.01.30"]
[Round "3"]
[White "ambitiouscow"]
[Black "Prezelton"]
[Result "1-0"]
[ICCResult "Black checkmated"]
[WhiteElo "896"]
[BlackElo "709"]
[Opening "Scandinavian (center counter) defense"]
[ECO "B01"]
[NIC "SD.01"]
[Time "14:18:58"]
[PlyCount "65"]
[TimeControl "1800+5"]

1. e4 d5 2. exd5 Qxd5 3. Nc3 Qa5 4. Nf3 Bg4 5. d4 Nc6 6. Bf4 O-O-O 7. Be2
Bxf3 8. Bxf3 Rxd4 9. Qc1 e5 10. Be3 Rd6 11. O-O Nf6 12. a3 Nd7 13. b4 Nxb4
14. axb4 Qxb4 15. Bd2 Kb8 16. Rb1 Qc5 17. Rxb7+ Kc8 18. Rb5 Qd4 19. Rd1 Rb6
20. Rxb6 Qxb6 21. Be3 Bc5 22. Qd2 Rd8 23. Nd5 Qb5 24. Bxc5 Qxc5 25. Qd3 g6
26. Qa6+ Kb8 27. Ne7 Qb6 28. Nc6+ Ka8 29. Nxd8+ Kb8 30. Nc6+ Ka8 31. Qc8+
Nb8 32. Nxb8+ Qb7 33. Qxb7# { Black checkmated } 1-0

[Event "ICC tourney 2357 (30 5)"]
[Site "Internet Chess Club"]
[Date "2021.01.30"]
[Round "3"]
[White "GalinaLand"]
[Black "aashish1212"]
[Result "0-1"]
[ICCResult "White resigns"]
[WhiteElo "800"]
[BlackElo "554"]
[Opening "Petrov: French attack"]
[ECO "C42"]
[NIC "RG.03"]
[Time "14:19:16"]
[PlyCount "92"]
[TimeControl "1800+5"]

1. e4 e5 2. Nf3 Nf6 3. Nxe5 d6 4. Nf3 Nxe4 5. d3 Nf6 6. Nc3 Be7 7. Be2 O-O
8. h3 Re8 9. Bg5 Nc6 10. Bxf6 Bxf6 11. Nd5 Bd4 12. c3 Bf6 13. Qd2 Be6 14.
Nxf6+ Qxf6 15. Qg5 Qxg5 16. Nxg5 Bd5 17. f3 Re5 18. h4 Rae8 19. Ne4 Bxe4
20. dxe4 Ne7 21. O-O-O Ng6 22. g3 Ra5 23. a3 Ne5 24. Rhe1 Rc5 25. Rd5 Rxd5
26. exd5 Nc4 27. Rd1 Rxe2 28. Rd3 Ne3 29. b3 Rc2+ 30. Kb1 Re2 31. b4 Nc4
32. Kc1 Nxa3 33. Kd1 Ra2 34. Re3 Kf8 35. Kc1 Nc4 36. Re4 Nd2 37. Rf4 Nf1
38. g4 Ra1+ 39. Kc2 Ne3+ 40. Kd2 Nf1+ 41. Kc2 Ra2+ 42. Kd3 Rd2+ 43. Ke4
Ng3+ 44. Ke3 Re2+ 45. Kd3 Re5 46. Kd4 Ne2+ { White resigns } 0-1

[Event "ICC tourney 2357 (30 5)"]
[Site "Internet Chess Club"]
[Date "2021.01.30"]
[Round "3"]
[White "ivaansuresh"]
[Black "julianminer"]
[Result "1-0"]
[ICCResult "Black resigns"]
[WhiteElo "555"]
[BlackElo "292"]
[Opening "King's pawn game"]
[ECO "C44"]
[NIC "KP.10"]
[Time "14:19:20"]
[PlyCount "85"]
[TimeControl "1800+5"]

1. e4 e5 2. Nf3 Nc6 3. b3 Bd6 4. c4 Nf6 5. Nc3 Bc5 6. Bd3 Ng4 7. O-O d6 8.
Na4 Bxf2+ 9. Rxf2 Nxf2 10. Kxf2 O-O 11. c5 Re8 12. h4 Re6 13. Ke2 Rg6 14.
Qg1 Qf6 15. Ng5 Bg4+ 16. Ke3 Rxg5 17. hxg5 Qxg5+ 18. Kf2 Qf4+ 19. Ke1 Qg3+
20. Kf1 Qxd3+ 21. Ke1 Qxe4+ 22. Qe3 Qxg2 23. Nc3 Re8 24. Qf2 Qh1+ 25. Qf1
Qh4+ 26. Qf2 Qh1+ 27. Qf1 Qh4+ 28. Qf2 Qh1+ 29. Qf1 Qh4+ 30. Qf2 Qg5 31.
Ne2 Re6 32. d3 Rf6 33. Bxg5 Rxf2 34. Kxf2 Bxe2 35. Kxe2 Nd8 36. Bxd8 h6 37.
cxd6 g6 38. dxc7 f6 39. c8=Q g5 40. Bxf6+ Kh7 41. Qd7+ Kg6 42. Qg7+ Kh5 43.
Rh1+ { Black resigns } 1-0

[Event "ICC tourney 2357 (30 5)"]
[Site "Internet Chess Club"]
[Date "2021.01.30"]
[Round "3"]
[White "EleanorH"]
[Black "RJMagnus"]
[Result "1-0"]
[ICCResult "Black checkmated"]
[WhiteElo "743"]
[BlackElo "464"]
[Opening "Two knights defense (Modern bishop's opening)"]
[ECO "C55"]
[NIC "IG.01"]
[Time "14:19:46"]
[PlyCount "105"]
[TimeControl "1800+5"]

1. e4 e5 2. Nf3 Nc6 3. Bc4 Nf6 4. d3 Be7 5. Bb3 O-O 6. c3 d6 7. h3 b6 8.
Nbd2 Ba6 9. Nf1 Rb8 10. Ng3 Qd7 11. O-O Na5 12. Bc2 d5 13. Qe2 dxe4 14.
Nxe5 Qe6 15. f4 Bd6 16. Qxe4 Bxe5 17. Qxe5 Qc6 18. b4 Bb7 19. Rf2 Nd7 20.
Qd4 Nf6 21. bxa5 bxa5 22. Qxa7 Qxc3 23. Rb1 Qe1+ 24. Rf1 Qc3 25. Rxb7 Rxb7
26. Qxb7 Qxc2 27. Qa7 Qxd3 28. Nh1 Re8 29. Qxa5 Qd4+ 30. Nf2 Ne4 31. Qxc7
Nxf2 32. Rxf2 Qd1+ 33. Rf1 Qd4+ 34. Kh1 h6 35. Ba3 Qd3 36. Rf3 Re1+ 37. Kh2
Qd4 38. Qc5 Qd2 39. Bb4 Qxa2 40. Bxe1 Qe6 41. Qe5 Qg6 42. f5 Qg5 43. Rf4 g6
44. fxg6 Qxe5 45. gxf7+ Kf8 46. Bb4+ Kg7 47. f8=Q+ Kg6 48. Qf7+ Kg5 49.
Be7+ Qf6 50. Bxf6+ Kxf4 51. Bg7+ Kg5 52. Qf6+ Kh5 53. g4# { Black
checkmated } 1-0

[Event "ICC tourney 2357 (30 5)"]
[Site "Internet Chess Club"]
[Date "2021.01.30"]
[Round "3"]
[White "MYMSSolinaChess"]
[Black "rehatag"]
[Result "1-0"]
[ICCResult "Black checkmated"]
[WhiteElo "779"]
[BlackElo "625"]
[Opening "Giuoco Pianissimo"]
[ECO "C50"]
[NIC "IG.02"]
[Time "14:21:53"]
[PlyCount "161"]
[TimeControl "1800+5"]

1. e4 e5 2. Nf3 Nc6 3. Bc4 Bc5 4. d3 h6 5. Nc3 Nf6 6. O-O d6 7. Ne2 Bg4 8.
Ng3 O-O 9. h3 Bh5 10. a3 Nd4 11. Nxh5 Nxh5 12. b4 Bb6 13. Nxd4 Bxd4 14. Rb1
Nf6 15. Re1 c5 16. Qf3 Bc3 17. Re2 cxb4 18. axb4 Rc8 19. Be3 Bd4 20. Bxd4
exd4 21. Ra1 a6 22. b5 a5 23. e5 dxe5 24. Rxe5 b6 25. Rae1 Re8 26. Rxe8+
Nxe8 27. Qxf7+ Kh7 28. Qg8+ Kg6 29. Re6+ Nf6 30. Qxd8 Rxd8 31. Rxb6 Rf8 32.
Ra6 Kg5 33. b6 Rb8 34. Be6 Kf4 35. Rxa5 Rxb6 36. Ba2 Rb2 37. Ra4 Rxc2 38.
Rxd4+ Ke5 39. Ra4 Rc1+ 40. Kh2 Nd5 41. Re4+ Kd6 42. Rd4 Rc5 43. Rxd5+ Rxd5
44. Bxd5 Kxd5 45. Kg3 Kd4 46. f4 Kxd3 47. Kg4 Ke4 48. f5 Ke5 49. g3 Kf6 50.
h4 Kf7 51. Kf4 Kf6 52. g4 Kf7 53. Ke5 Ke7 54. Kf4 Kf6 55. g5+ hxg5+ 56.
hxg5+ Kf7 57. g6+ Kf6 58. Kg4 Ke7 59. Kg5 Kf8 60. f6 gxf6+ 61. Kxf6 Kg8 62.
g7 Kh7 63. Kf7 Kh6 64. g8=Q Kh5 65. Qh7+ Kg5 66. Qg6+ Kf4 67. Qf6+ Ke4 68.
Qh4+ Ke5 69. Qg3+ Kd5 70. Ke7 Kd4 71. Qd6+ Ke4 72. Qe6+ Kd4 73. Kd6 Kd3 74.
Qf5+ Kd4 75. Qd5+ Ke3 76. Ke5 Ke2 77. Kf4 Kf2 78. Qf3+ Kg1 79. Qe2 Kh1 80.
Kg3 Kg1 81. Qg2# { Black checkmated } 1-0

[Event "ICC tourney 2357 (30 5)"]
[Site "Internet Chess Club"]
[Date "2021.01.30"]
[Round "3"]
[White "HSputumbaka"]
[Black "ghraluca"]
[Result "0-1"]
[ICCResult "White checkmated"]
[WhiteElo "653"]
[BlackElo "741"]
[Opening "Giuoco Piano"]
[ECO "C50"]
[NIC "IG.02"]
[Time "14:19:10"]
[PlyCount "162"]
[TimeControl "1800+5"]

1. e4 e5 2. Nf3 Nc6 3. Bc4 Bc5 4. O-O Nf6 5. Nc3 d6 6. h3 O-O 7. d3 h6 8.
a3 Be6 9. Bxe6 fxe6 10. b4 Bd4 11. Nxd4 Nxd4 12. Ne2 Nxe2+ 13. Qxe2 d5 14.
exd5 Qxd5 15. c4 Qd4 16. Bb2 Qd6 17. Bxe5 Qc6 18. Rfe1 Rad8 19. Bxf6 Rxf6
20. Qe4 Qb6 21. Qe5 Qxf2+ 22. Kh1 Rg6 23. Qe2 Qg3 24. Qf3 Qg5 25. Rf1 a6
26. Qf7+ Kh8 27. Qf3 Kg8 28. Qf7+ Kh8 29. Qf2 Rf6 30. Qg1 Rxd3 31. Rxf6
Qxf6 32. Rf1 Qg5 33. Qf2 Rd2 34. Qf8+ Kh7 35. Qf3 Rc2 36. Qe4+ Qg6 37. Qf3
Rxc4 38. Qxb7 Rc2 39. Qf3 Rb2 40. Rc1 Qg5 41. Rxc7 Rb1+ 42. Kh2 Qe5+ 43.
Qg3 Rh1+ 44. Kxh1 Qxg3 45. Rc6 e5 46. Rxa6 e4 47. Re6 e3 48. b5 Qf2 49. b6
e2 50. b7 Qf1+ 51. Kh2 Qb1 52. Re7 e1=Q 53. Rxe1 Qxb7 54. a4 Qc7+ 55. g3
Qc2+ 56. Kg1 Qxa4 57. Rf1 Qd4+ 58. Kg2 g5 59. Rf7+ Kg6 60. Rf1 h5 61. Re1
Qd2+ 62. Kf1 Kf5 63. Re8 g4 64. Rf8+ Kg5 65. Rg8+ Kh6 66. hxg4 hxg4 67.
Rxg4 Qd1+ 68. Kg2 Qxg4 69. Kf2 Qh3 70. Kf3 Kg5 71. Ke4 Qxg3 72. Kd5 Qe3 73.
Kd6 Qe4 74. Kd7 Qe5 75. Kd8 Qg7 76. Kc8 Qe7 77. Kb8 Kf5 78. Kc8 Ke5 79. Kb8
Kd5 80. Kc8 Kc6 81. Kb8 Qb7# { White checkmated } 0-1

[Event "ICC tourney 2357 (30 5)"]
[Site "Internet Chess Club"]
[Date "2021.01.30"]
[Round "3"]
[White "YuriQ300"]
[Black "Samirarycs"]
[Result "0-1"]
[ICCResult "White checkmated"]
[WhiteElo "892"]
[BlackElo "560"]
[Opening "Sicilian: closed"]
[ECO "B23"]
[NIC "SI.44"]
[Time "14:19:46"]
[PlyCount "146"]
[TimeControl "1800+5"]

1. e4 c5 2. Nc3 Nf6 3. Nf3 Nc6 4. Bc4 e5 5. d3 Bd6 6. Be3 Be7 7. O-O Ng4 8.
Re1 Bh4 9. Qd2 O-O 10. Rad1 Qf6 11. h3 Bxf2+ 12. Bxf2 Nxf2 13. Qxf2 d5 14.
Bxd5 Nb4 15. a3 Nxd5 16. Nxd5 Qg6 17. Qxc5 Bxh3 18. Qf2 b6 19. Nxe5 Qg5 20.
Nf3 Qg4 21. Re3 Qh5 22. Qg3 Be6 23. c4 Qh6 24. b4 Bxd5 25. Nd4 Be6 26. Ree1
Qh5 27. Kf2 Bg4 28. Rh1 Qg5 29. Rdf1 Qf6+ 30. Ke1 Qxd4 31. Qh4 Qc3+ 32. Kf2
Qc2+ 33. Kg1 h6 34. Qxg4 Qxd3 35. Rxh6 Qe3+ 36. Kh1 Qxh6+ 37. Kg1 Qe3+ 38.
Kh1 Qh6+ 39. Kg1 Qe3+ 40. Kh1 Rae8 41. Qd7 Re5 42. Qg4 Qh6+ 43. Kg1 Qe3+
44. Kh1 Re7 45. Qh4 Rxe4 46. Qh5 Qg3 47. Qf5 Rh4+ 48. Kg1 Qe3+ 49. Qf2 Qe5
50. Qxh4 Qe3+ 51. Qf2 Qg5 52. Re1 Rd8 53. Qe3 Qh4 54. Qh3 Qd4+ 55. Kh2 Qe5+
56. Kg1 Qxe1+ 57. Kh2 Qe5+ 58. Kg1 Rd1+ 59. Kf2 Qe1+ 60. Kf3 Rd4 61. Qc8+
Kh7 62. Qh3+ Kg6 63. Qc8 Qd1+ 64. Kg3 Qd3+ 65. Kh2 Rh4+ 66. Kg1 Qd1+ 67.
Kf2 Rf4+ 68. Kg3 Qg4+ 69. Kh2 Rf2 70. Qc6+ Kg5 71. Qd5+ Kh4 72. Qd1 Qg3+
73. Kg1 Qxg2# { White checkmated } 0-1

[Event "ICC tourney 2357 (30 5)"]
[Site "Internet Chess Club"]
[Date "2021.01.30"]
[Round "3"]
[White "DeUnderStore"]
[Black "LionsBeatriceC"]
[Result "1-0"]
[ICCResult "Black checkmated"]
[WhiteElo "761"]
[BlackElo "313"]
[Opening "Two knights defense (Modern bishop's opening)"]
[ECO "C55"]
[NIC "IG.01"]
[Time "14:19:04"]
[PlyCount "105"]
[TimeControl "1800+5"]

1. e4 e5 2. Nf3 Nc6 3. Bc4 Nf6 4. d3 Bb4+ 5. c3 Bc5 6. O-O Ng4 7. Be3 Bxe3
8. fxe3 Qg5 9. Re1 Qf6 10. Nbd2 Qh6 11. Qe2 d6 12. d4 exd4 13. exd4 Be6 14.
Bxe6 Qxe6 15. d5 Qf6 16. dxc6 bxc6 17. h3 Ne5 18. Nxe5 dxe5 19. Nf3 Qf4 20.
Rad1 O-O 21. Rf1 Qg3 22. Qc4 Rfd8 23. Qxc6 Rxd1 24. Rxd1 h6 25. Qc5 Re8 26.
Qxc7 a6 27. Rd5 Re6 28. Nxe5 Rf6 29. Rd7 Rf2 30. Rd8+ Kh7 31. Rh8+ Kxh8 32.
Nxf7+ Kh7 33. Qxg3 Rxb2 34. Qb8 Rxa2 35. Qh8+ Kg6 36. Qe8 Ra1+ 37. Kh2 Kf6
38. Qd7 Rc1 39. Qf5+ Ke7 40. Ne5 Rxc3 41. Qf7+ Kd6 42. Qd5+ Kc7 43. Qd7+
Kb6 44. Qd4+ Rc5 45. Nd7+ Kc6 46. Qxc5+ Kxd7 47. e5 Ke6 48. Qd6+ Kf5 49. e6
Kg5 50. e7 a5 51. e8=Q a4 52. Qe4 a3 53. Qde5# { Black checkmated } 1-0

[Event "ICC tourney 2357 (30 5)"]
[Site "Internet Chess Club"]
[Date "2021.01.30"]
[Round "3"]
[White "JaithD"]
[Black "Tezzy1028"]
[Result "1-0"]
[ICCResult "Black checkmated"]
[WhiteElo "753"]
[BlackElo "540"]
[Opening "Queen's gambit accepted"]
[ECO "D20"]
[NIC "QG.06"]
[Time "14:31:58"]
[PlyCount "87"]
[TimeControl "1800+5"]

1. d4 d5 2. c4 dxc4 3. e3 Nf6 4. Bxc4 Bg4 5. Nf3 e6 6. O-O Bb4 7. Nc3 O-O
8. a3 Ba5 9. b4 Bb6 10. Bb2 Nc6 11. b5 Ne7 12. a4 a6 13. bxa6 bxa6 14. a5
Ba7 15. Ba3 Nc6 16. Bxf8 Kxf8 17. h3 Bh5 18. Bxa6 Qd6 19. Bb7 Rb8 20. Bxc6
Qxc6 21. Na4 Qd6 22. Nc5 c6 23. e4 Re8 24. e5 Qc7 25. exf6 gxf6 26. Rb1 Bg6
27. Ra1 Bb8 28. a6 Bh5 29. g4 Bg6 30. a7 Bxa7 31. Na6 Qd6 32. Nh4 Bb8 33.
Nxg6+ hxg6 34. Nxb8 Rxb8 35. Qa4 Kg7 36. Rac1 Rb4 37. Qxc6 Qxd4 38. Rfd1
Qe5 39. Qc3 Rb5 40. Qxe5 Rxe5 41. Rc7 Ra5 42. Rdd7 Kh6 43. Rxf7 g5 44.
Rxf6# { Black checkmated } 1-0

[Event "ICC tourney 2357 (30 5)"]
[Site "Internet Chess Club"]
[Date "2021.01.30"]
[Round "4"]
[White "LionsBeatriceC"]
[Black "SAEmilio"]
[Result "0-1"]
[ICCResult "White checkmated"]
[WhiteElo "313"]
[BlackElo "576"]
[Opening "Three knights game"]
[ECO "C46"]
[NIC "KP.06"]
[Time "16:08:47"]
[PlyCount "20"]
[TimeControl "1800+5"]

1. e4 e5 2. Nf3 Nc6 3. Nc3 Bc5 4. Nxe5 Nxe5 5. d4 Bd6 6. dxe5 Bxe5 7. Nd5
Nf6 8. Nxf6+ Qxf6 9. Rb1 Bd4 10. Bc4 Qxf2# { White checkmated } 0-1

[Event "ICC tourney 2357 (30 5)"]
[Site "Internet Chess Club"]
[Date "2021.01.30"]
[Round "4"]
[White "nihas204"]
[Black "SpeyerSophieK"]
[Result "1-0"]
[ICCResult "Black checkmated"]
[WhiteElo "660"]
[BlackElo "802"]
[Opening "Giuoco Pianissimo: Italian four knights variation"]
[ECO "C50"]
[NIC "IG.02"]
[Time "16:08:33"]
[PlyCount "25"]
[TimeControl "1800+5"]

1. e4 e5 2. Nf3 Nc6 3. Bc4 Bc5 4. Nc3 Nf6 5. d3 O-O 6. Bg5 h6 7. Bxh6 gxh6
8. O-O d6 9. Nh4 Bg4 10. Qd2 Nd4 11. Qxh6 Re8 12. Qg6+ Kf8 13. Qxf7# {
Black checkmated } 1-0

[Event "ICC tourney 2357 (30 5)"]
[Site "Internet Chess Club"]
[Date "2021.01.30"]
[Round "4"]
[White "GreenFrog11"]
[Black "milesmcwu"]
[Result "0-1"]
[ICCResult "White checkmated"]
[WhiteElo "421"]
[BlackElo "732"]
[Opening "Four knights: symmetrical variation"]
[ECO "C49"]
[NIC "KP.03"]
[Time "16:09:08"]
[PlyCount "38"]
[TimeControl "1800+5"]

1. e4 e5 2. Nf3 Nc6 3. Nc3 Nf6 4. Bb5 Bb4 5. O-O O-O 6. d3 d6 7. Bg5 Bxc3
8. bxc3 Bg4 9. Bxc6 bxc6 10. Bxf6 Qxf6 11. Qb1 Bxf3 12. Qc1 Bg4 13. Rb1 Qg6
14. Rb7 Bh3 15. g3 Qg4 16. Re1 Rfc8 17. c4 a6 18. Qb1 Qf3 19. Re3 Qg2# {
White checkmated } 0-1

[Event "ICC tourney 2357 (30 5)"]
[Site "Internet Chess Club"]
[Date "2021.01.30"]
[Round "4"]
[White "ethanw1234"]
[Black "stanikbenes"]
[Result "1-0"]
[ICCResult "Black checkmated"]
[WhiteElo "701"]
[BlackElo "472"]
[Opening "Four knights: Italian variation"]
[ECO "C55"]
[NIC "IG.01"]
[Time "16:08:18"]
[PlyCount "59"]
[TimeControl "1800+5"]

1. e4 e5 2. Nf3 Nc6 3. Bc4 Nf6 4. Nc3 Nxe4 5. Nxe4 d5 6. Bxd5 Qxd5 7. d3
Nd4 8. Nxd4 exd4 9. O-O Bf5 10. Bg5 Be7 11. Bxe7 Kxe7 12. c4 dxc3 13. bxc3
Qe5 14. Ng3 Rhe8 15. Re1 Qxe1+ 16. Qxe1+ Kd7 17. Qd2 Bg4 18. h3 Bh5 19. Qg5
Bg6 20. Nh5 f6 21. Qd5+ Ke7 22. Nxg7 Kf8 23. Nxe8 Rxe8 24. Rb1 b6 25. Qb7
Bxd3 26. Rd1 Bc2 27. Rd2 Re1+ 28. Kh2 Be4 29. Qxc7 Rc1 30. Rd8# { Black
checkmated } 1-0

[Event "ICC tourney 2357 (30 5)"]
[Site "Internet Chess Club"]
[Date "2021.01.30"]
[Round "4"]
[White "DylanGimbel"]
[Black "Leogao77"]
[Result "0-1"]
[ICCResult "White checkmated"]
[WhiteElo "212"]
[BlackElo "479"]
[Opening "King's pawn game"]
[ECO "C44"]
[NIC "KP.07"]
[Time "16:09:08"]
[PlyCount "52"]
[TimeControl "1800+5"]

1. Nf3 Nc6 2. e4 e5 3. d3 Nf6 4. Nc3 Bc5 5. d4 exd4 6. Bb5 dxc3 7. bxc3
Nxe4 8. Bxc6 bxc6 9. O-O d5 10. Bd2 O-O 11. Ng5 Nxg5 12. Qg4 Ne4 13. Rae1
Bxg4 14. h3 Nxd2 15. hxg4 Nxf1 16. Rxf1 Qg5 17. Re1 Rfe8 18. Rxe8+ Rxe8 19.
a4 Qxg4 20. g3 Qf3 21. Kh2 Qxf2+ 22. Kh3 Re4 23. g4 Qf3+ 24. Kh2 Qf1 25.
Kg3 Qe2 26. Kh4 Qxg4# { White checkmated } 0-1

[Event "ICC tourney 2357 (30 5)"]
[Site "Internet Chess Club"]
[Date "2021.01.30"]
[Round "4"]
[White "Bigcitypanda"]
[Black "FierceLeopard"]
[Result "1-0"]
[ICCResult "Black checkmated"]
[WhiteElo "398"]
[BlackElo "715"]
[Opening "Giuoco Piano: four knights variation"]
[ECO "C55"]
[NIC "IG.01"]
[Time "16:08:25"]
[PlyCount "47"]
[TimeControl "1800+5"]

1. e4 e5 2. Nf3 Nc6 3. Bc4 Nf6 4. Nc3 Bc5 5. O-O d6 6. d3 Bg4 7. Bg5 Nd4 8.
h3 Bxf3 9. gxf3 Nxf3+ 10. Qxf3 Qd7 11. Bxf6 gxf6 12. Qxf6 Qxh3 13. Qxh8+
Ke7 14. Qxa8 Qg4+ 15. Kh1 Qf3+ 16. Kh2 h5 17. Nd5+ Ke6 18. Nxc7+ Kf6 19.
Rad1 h4 20. Qh8+ Kg5 21. Bxf7 Kg4 22. Rg1+ Kf4 23. Qxh4+ Qg4 24. Qxg4# {
Black checkmated } 1-0

[Event "ICC tourney 2357 (30 5)"]
[Site "Internet Chess Club"]
[Date "2021.01.30"]
[Round "4"]
[White "connorp9"]
[Black "Melech14"]
[Result "1-0"]
[ICCResult "Black checkmated"]
[WhiteElo "866"]
[BlackElo "498"]
[Opening "Two knights defense"]
[ECO "C58"]
[NIC "KP.01"]
[Time "16:09:07"]
[PlyCount "39"]
[TimeControl "1800+5"]

1. e4 e5 2. Bc4 Nf6 3. Nf3 Nc6 4. Ng5 d5 5. exd5 Na5 6. Bb5+ c6 7. dxc6
bxc6 8. Ba4 Bc5 9. Nc3 O-O 10. a3 Ng4 11. d4 Bxd4 12. O-O h6 13. Nf3 Bb7
14. Nxd4 exd4 15. Qxg4 c5 16. Bxh6 g6 17. b4 Nc4 18. Bb3 Nd2 19. Qxg6+ Kh8
20. Qg7# { Black checkmated } 1-0

[Event "ICC tourney 2357 (30 5)"]
[Site "Internet Chess Club"]
[Date "2021.01.30"]
[Round "4"]
[White "DeDeBoy"]
[Black "aashish1212"]
[Result "0-1"]
[ICCResult "White resigns"]
[WhiteElo "726"]
[BlackElo "554"]
[Opening "Four knights: double Ruy Lopez"]
[ECO "C49"]
[NIC "KP.03"]
[Time "16:08:36"]
[PlyCount "58"]
[TimeControl "1800+5"]

1. e4 e5 2. Nf3 Nf6 3. Nc3 Nc6 4. Bb5 Bb4 5. Bxc6 dxc6 6. a3 Bxc3 7. bxc3
O-O 8. Nxe5 Re8 9. d4 Nxe4 10. O-O Nxc3 11. Qd3 Nd5 12. Qg3 Nf6 13. Bh6 Nh5
14. Rfe1 Nxg3 15. hxg3 Qxd4 16. Bf4 Bf5 17. Rad1 Qa4 18. f3 Bxc2 19. Rc1
Qd4+ 20. Be3 Qa4 21. Bd2 Bf5 22. g4 Qxa3 23. Nc4 Rxe1+ 24. Rxe1 Qd3 25. Rd1
Qxc4 26. gxf5 Rd8 27. Rc1 Qxc1+ 28. Bxc1 Rd1+ 29. Kh2 Rxc1 { White resigns
} 0-1

[Event "ICC tourney 2357 (30 5)"]
[Site "Internet Chess Club"]
[Date "2021.01.30"]
[Round "4"]
[White "LucaV"]
[Black "MilesFlores"]
[Result "1-0"]
[ICCResult "Black checkmated"]
[WhiteElo "516"]
[BlackElo "702"]
[Opening "French: advance, Paulsen attack"]
[ECO "C02"]
[NIC "FR.03"]
[Time "16:09:16"]
[PlyCount "51"]
[TimeControl "1800+5"]

1. d4 e6 2. e4 d5 3. e5 c5 4. c3 Nc6 5. Nf3 Qb6 6. Bf4 Qxb2 7. Nbd2 Qxc3 8.
dxc5 Qxc5 9. Rc1 Qe7 10. Bb5 Bd7 11. Bg5 f6 12. exf6 Nxf6 13. Nb3 h6 14.
Bh4 a6 15. Bxc6 Bxc6 16. Nc5 Qd8 17. Nxe6 Qd6 18. Ned4 Qe7+ 19. Kf1 Qa3 20.
Nxc6 bxc6 21. Rxc6 Qa5 22. Bxf6 gxf6 23. Qe2+ Kf7 24. Qe6+ Kg7 25. Qxf6+
Kh7 26. Qg6# { Black checkmated } 1-0

[Event "ICC tourney 2357 (30 5)"]
[Site "Internet Chess Club"]
[Date "2021.01.30"]
[Round "4"]
[White "lievicc"]
[Black "LionsMilesL"]
[Result "0-1"]
[ICCResult "White checkmated"]
[WhiteElo "835"]
[BlackElo "334"]
[Opening "Caro-Kann: exchange variation"]
[ECO "B13"]
[NIC "CK.02"]
[Time "16:08:53"]
[PlyCount "58"]
[TimeControl "1800+5"]

1. e4 c6 2. d4 d5 3. exd5 cxd5 4. Nc3 Nf6 5. Bf4 a6 6. Qe2 Nc6 7. O-O-O Bg4
8. f3 Bf5 9. g4 Bd7 10. Bg5 e6 11. Bxf6 Qxf6 12. Nxd5 Qg5+ 13. f4 Qxd5 14.
Bg2 Qxa2 15. Re1 Qa1+ 16. Kd2 Qxb2 17. f5 Bb4+ 18. Ke3 Qxd4+ 19. Kf3 Bxe1
20. Qxe1 Ne5+ 21. Kg3 Qxg4+ 22. Kf2 Qh4+ 23. Ke2 Bb5+ 24. Kd1 Rd8+ 25. Kc1
Qf4+ 26. Kb2 Nc4+ 27. Kb1 Nd2+ 28. Kb2 Qb4+ 29. Ka1 Qa3# { White checkmated
} 0-1

[Event "ICC tourney 2357 (30 5)"]
[Site "Internet Chess Club"]
[Date "2021.01.30"]
[Round "4"]
[White "SAjenelleH3"]
[Black "reyanshgandhi"]
[Result "0-1"]
[ICCResult "White resigns"]
[WhiteElo "772"]
[BlackElo "721"]
[Opening "Scotch opening"]
[ECO "C44"]
[NIC "KP.10"]
[Time "16:08:47"]
[PlyCount "50"]
[TimeControl "1800+5"]

1. e4 e5 2. Nf3 Nc6 3. d4 Bd6 4. d5 Nd4 5. Nxd4 exd4 6. Qxd4 Nf6 7. e5 Qe7
8. Bf4 Bc5 9. Qd3 Ng4 10. Be3 Bxe3 11. fxe3 Qxe5 12. Qe2 Nxe3 13. Na3 O-O
14. Nc4 Nxc2+ 15. Kd1 Qxe2+ 16. Bxe2 Nxa1 17. Ne3 Re8 18. Nc4 Nc2 19. Kxc2
Rxe2+ 20. Nd2 Rxg2 21. Kc1 b6 22. Nf3 Bb7 23. Ne1 Re2 24. Nd3 Bxd5 25. Nf4
Bxh1 { White resigns } 0-1

[Event "ICC tourney 2357 (30 5)"]
[Site "Internet Chess Club"]
[Date "2021.01.30"]
[Round "4"]
[White "TabithaP"]
[Black "HCESBenjaminM"]
[Result "0-1"]
[ICCResult "White checkmated"]
[WhiteElo "559"]
[BlackElo "780"]
[Opening "Queen's pawn game, Chigorin variation"]
[ECO "D02"]
[NIC "QP.08"]
[Time "16:08:36"]
[PlyCount "44"]
[TimeControl "1800+5"]

1. d4 d5 2. Nf3 Nc6 3. Bf4 Nf6 4. e3 a6 5. Be2 Bf5 6. O-O e6 7. a3 Bd6 8.
Nc3 Be4 9. Nxe4 Nxe4 10. Ne5 Bxe5 11. dxe5 O-O 12. Bd3 Qe7 13. Qg4 f5 14.
Qf3 Nd2 15. Qg3 Nxf1 16. Bh6 Nxg3 17. fxg3 gxh6 18. Rf1 Qc5 19. Rf3 Nd4 20.
Rf4 Nxc2 21. Kf2 Qxe3+ 22. Kf1 Qe1# { White checkmated } 0-1

[Event "ICC tourney 2357 (30 5)"]
[Site "Internet Chess Club"]
[Date "2021.01.30"]
[Round "4"]
[White "BXMSDeku"]
[Black "ZoeQ300"]
[Result "1-0"]
[ICCResult "Black checkmated"]
[WhiteElo "184"]
[BlackElo "560"]
[Opening "Sicilian"]
[ECO "B50"]
[NIC "SI.01"]
[Time "16:08:26"]
[PlyCount "59"]
[TimeControl "1800+5"]

1. e4 c5 2. Nf3 d6 3. Nc3 Nc6 4. Bc4 e6 5. d3 Nf6 6. O-O Be7 7. Bd2 O-O 8.
Bf4 Bd7 9. e5 dxe5 10. Bxe5 Nxe5 11. Nxe5 Bd6 12. Nf3 e5 13. Re1 Bf5 14.
Nh4 Bg4 15. f3 Be6 16. Bxe6 fxe6 17. d4 exd4 18. Nb5 a6 19. Nxd6 Qxd6 20.
Qd2 e5 21. c3 dxc3 22. Qxd6 Rad8 23. Qxe5 Rde8 24. Qc7 Rf7 25. Rxe8+ Rf8
26. Rxf8+ Kxf8 27. bxc3 Nd5 28. Qxc5+ Kg8 29. Qxd5+ Kh8 30. Qd8# { Black
checkmated } 1-0

[Event "ICC tourney 2357 (30 5)"]
[Site "Internet Chess Club"]
[Date "2021.01.30"]
[Round "4"]
[White "danieltps281"]
[Black "Hermione18"]
[Result "0-1"]
[ICCResult "White checkmated"]
[WhiteElo "719"]
[BlackElo "472"]
[Opening "Two knights defense"]
[ECO "C57"]
[NIC "KP.01"]
[Time "16:08:20"]
[PlyCount "64"]
[TimeControl "1800+5"]

1. e4 e5 2. Nf3 Nc6 3. Bc4 Nf6 4. Ng5 d5 5. exd5 Nxd5 6. Bxd5 Qxd5 7. Nc3
Qxg2 8. Qf3 Qxg5 9. d4 Nxd4 10. Qe4 Qd8 11. Qxe5+ Be7 12. Kd1 Nf3+ 13. Nd5
Nxe5 14. c4 Bg4+ 15. Ke1 Nd3+ 16. Kd2 Bf3 17. Rg1 Bxd5 18. cxd5 Nxf2 19.
Rg2 Qxd5+ 20. Ke2 Qxg2 21. Be3 Ng4+ 22. Kd3 O-O-O+ 23. Kc3 Nxe3 24. Rc1
Qc6+ 25. Kb3 Qxc1 26. Ka4 f5 27. Ka5 f4 28. Ka4 f3 29. b4 f2 30. a3 f1=Q
31. b5 Qcc4+ 32. Ka5 Qxb5# { White checkmated } 0-1

[Event "ICC tourney 2357 (30 5)"]
[Site "Internet Chess Club"]
[Date "2021.01.30"]
[Round "4"]
[White "RJMagnus"]
[Black "KingZacAttack"]
[Result "1-0"]
[ICCResult "Black checkmated"]
[WhiteElo "464"]
[BlackElo "700"]
[Opening "Old Indian defense"]
[ECO "A42"]
[NIC "OI.07"]
[Time "16:08:46"]
[PlyCount "73"]
[TimeControl "1800+5"]

1. d4 d6 2. c4 c5 3. dxc5 dxc5 4. Qxd8+ Kxd8 5. Be3 e5 6. Nc3 Nc6 7. O-O-O+
Bd7 8. Nf3 Kc7 9. Bg5 f6 10. Bh4 Bd6 11. e4 a6 12. Nd5+ Kd8 13. Nb6 Rb8 14.
Rxd6 Kc7 15. Rxd7+ Kxb6 16. Rxg7 Nge7 17. Bxf6 Rhe8 18. Rxh7 Nd4 19. Bxe5
Nxf3 20. gxf3 Ng6 21. Rh6 Rxe5 22. Rxg6+ Ka5 23. Bd3 Rd8 24. Rd1 b5 25. Be2
Rxd1+ 26. Bxd1 bxc4 27. b3 cxb3 28. axb3 Rh5 29. f4 Kb5 30. Bxh5 a5 31. f5
a4 32. bxa4+ Kxa4 33. f6 c4 34. f7 c3 35. f8=Q Kb3 36. Rb6+ Ka2 37. Qa8# {
Black checkmated } 1-0